 Dungeon Crawl Stone Soup version 0.22-a0-611-g46e8f3c735 (webtiles) character file.

94 Kholdaimon the Grave Robber (level 4, -1/33 HPs)
             Began as a Mummy Necromancer on July 11, 2018.
             Slain by Sigmund
             ... wielding a +0 scythe
              (5 damage)
             ... on level 3 of the Dungeon.
             The game lasted 00:17:06 (2430 turns).

Kholdaimon the Grave Robber (Mummy Necromancer)     Turns: 2430, Time: 00:17:07

Health: -1/33      AC:  4    Str: 11    XL:     4   Next: 38%
Magic:  7/8        EV: 12    Int: 15    God:
Gold:   190        SH:  0    Dex: 12    Spells: 0/9 levels left

rFire    x . .     SeeInvis .   l - +5 dagger
rCold    + . .     Gourm    .   (no shield)
rNeg     + + +     Faith    .   d - +0 leather armour
rPois    ∞         Spirit   .   g - +1 hat
rElec    .         Reflect  .   (no cloak)
rCorr    .         Harm     .   (no gloves)
MR       .....                  (no boots)
Stlth    +.........             (no amulet)
HPRegen  0.11/turn              (no ring)
MPRegen  0.11/turn              (no ring)

@: confused
A: no food or potions, fire vulnerability, cold resistance 1, negative energy
resistance 3, torment resistance, unbreathing
a: no special abilities


You were on level 3 of the Dungeon.
You were not hungry.

You visited 1 branch of the dungeon, and saw 3 of its levels.

You collected 190 gold pieces.

Inventory:

Hand Weapons
 j - a +0 hunting sling
 l - a +5 dagger (weapon)
 p - a +0 falchion
Missiles
 e - 40 bolts
 h - 6 tomahawks (quivered)
 i - 49 stones
Armour
 d - a +0 leather armour (worn)
 g - a +1 hat (worn)
 q - a +0 ring mail
Scrolls
 c - a scroll of remove curse
 f - a scroll of fog
 k - a scroll of blinking
 m - a scroll of teleportation


   Skills:
 + Level 2.0 Fighting
 + Level 2.4 Dodging
 - Level 1.5 Stealth
 - Level 3.0 Spellcasting
 * Level 4.7 Necromancy


You couldn't memorise any spells.
You knew the following spells:

 Your Spells              Type           Power        Failure   Level  Hunger
a - Pain                  Necr           ###.         3%          1    N/A
b - Animate Skeleton      Necr           N/A          3%          1    N/A
c - Vampiric Draining     Necr           ###.......   12%         3    N/A
d - Animate Dead          Necr           N/A          36%         4    N/A

Your spell library contained the following spells:

 Spells                   Type           Power        Failure   Level  Hunger
 Regeneration             Chrm/Necr      #.........   30%         3    N/A

Dungeon Overview and Level Annotations

Branches:
Dungeon (3/15)

Altars:
Cheibriados
Ru

Annotations:
D:2 exclusion: downstairs
D:3 exclusion: 3 doors, Sigmund


Innate Abilities, Weirdness & Mutations

You do not eat or drink.
Your flesh is vulnerable to fire.
You are immune to poison.
Your flesh is cold resistant. (rC+)
You are immune to negative energy. (rN+++)
You are immune to unholy pain and torment.
You can survive without breathing.


Message History

The orc shouts!
You hear a shout!
You hit the orc.
The orc is severely wounded.
The orc hits you but does no damage.
You hit the orc but do no damage.
The orc is severely wounded.
The orc hits you with a club.
* * * LOW HITPOINT WARNING * * *
You hit the orc but do no damage.
The orc is severely wounded.
The orc hits you but does no damage.
You hit the orc but do no damage.
The orc is severely wounded.
The orc hits you with a club.
* * * LOW HITPOINT WARNING * * *
You hear some strange, mumbled words.
You are confused.
You're too confused to move!
The orc hits you but does no damage. Something hits you.
You die...

#.%..ZZ....#
#####@###### #'# #.#
#.# #o######### #.#
#.Z{......###.##
#.#######.##...#####
#.##### #.#......... .#
#.....###.##....###....
#.###.....)@o.......#
#.# #####.###.#.#####
#.# #.# #.#.# #.# #.#
#.#.#####.# #..
..###.#.......# ###
##....o.#######
#.##.#)# #. #.#<# ##.##
#.#


You could see an orc.

Vanquished Creatures
  2 adders
  2 dart slugs
  8 orcs (D:3)
  9 bats
  2 giant cockroaches
  4 goblins (D:2)
  7 hobgoblins
  6 jackals (D:3)
  A quokka (D:2)
  6 frilled lizards
  2 kobolds
  8 rats
57 creatures vanquished.

Vanquished Creatures (collateral kills)
  A worm (D:2)
  A giant cockroach (D:2)
  A goblin (D:2)
  A ball python (D:3)
  A bat (D:1)
5 creatures vanquished.

Grand Total: 62 creatures vanquished

Notes
Turn   | Place    | Note
-------+----------+-------------------------------------------
     0 | D:1      | Kholdaimon the Mummy Necromancer began the quest for the Orb.
     0 | D:1      | Reached XP level 1. HP: 13/13 MP: 4/4
    49 | D:1      | Learned a level 1 spell: Animate Skeleton
   420 | D:1      | Reached XP level 2. HP: 20/20 MP: 2/5
   925 | D:2      | Reached skill level 1 in Fighting
   936 | D:2      | Found a sacrificial altar of Ru.
  1017 | D:2      | Reached XP level 3. HP: 17/26 MP: 1/7
  1165 | D:2      | Found a snail-covered altar of Cheibriados.
  1191 | D:2      | Found a faded altar of an unknown god.
  1735 | D:3      | Noticed Sigmund
  2170 | D:3      | Reached XP level 4. HP: 20/33 MP: 8/8
  2197 | D:3      | Learned a level 3 spell: Vampiric Draining
  2202 | D:3      | Learned a level 4 spell: Animate Dead
  2430 | D:3      | Slain by Sigmund

Vault maps used:
D:1:      scummos_arrival_star
D:2:      cheibriados_altar_1, lemuel_coloured_pillars_altar,
          chequers_ecumenical_altar_twisty
D:3:      uniq_jessica, uniq_sigmund, uniq_grinder

Skill      XL: |  1  2  3  4 |
---------------+-------------+-----
Spellcasting   | 3 |  3.0
Fighting       | 1 2 |  2.0
Dodging        | 2 |  2.4
Stealth        | |  1.5
Necromancy     | |  4.7

Action                   |  1- 3 |  4- 6 || total
-------------------------+-------+-------++-------
Melee: Hand axe          |    49 |     3 ||    52
       Dagger            |       |     9 ||     9
 Fire: Hunting sling     |       |     2 ||     2
Throw: Tomahawk          |     1 |       ||     1
 Cast: Pain              |    66 |    16 ||    82
       Animate Skeleton  |    30 |     4 ||    34
  Use: Scroll            |       |     4 ||     4
 Stab: Sleeping          |     2 |       ||     2
Armor: Robe              |    21 |     3 ||    24
       Leather armour    |       |     1 ||     1
Dodge: Dodged            |    37 |    13 ||    50

Table legend:
 A = Spawn XP
 B = Non-spawn XP
 C = Spawn XP percentage of total XP
 D = Spawn monster count
 E = Non-spawn monster count
 F = Spawn count percentage of total count
 G = Total turns spent on level
                    A         B        C        D         E        F      G
               +---------+---------+-------+---------+---------+-------+---------
         Total |       0 |     135 |   0.0 |       0 |      62 |   0.0 |  2430
               +---------+---------+-------+---------+---------+-------+---------
           D:1 |       0 |      19 |   0.0 |       0 |      14 |   0.0 |   828
           D:2 |       0 |      56 |   0.0 |       0 |      27 |   0.0 |  1117
           D:3 |       0 |      60 |   0.0 |       0 |      21 |   0.0 |   485
               +---------+---------+-------+---------+---------+-------+---------
